 Dungeon Crawl Stone Soup version 0.17-a0-1840-g87820a2 (webtiles) character file.

451 konokrad666 the Covert (level 7, -3/40 HPs)
             Began as a Kobold Assassin on Sept 16, 2015.
             Killed by nerve-wracking pain
             ... invoked by nubinia's ghost
              (9 damage)
             ... on level 4 of the Dungeon.
             The game lasted 00:24:31 (3467 turns).

konokrad666 the Covert (Kobold Assassin)            Turns: 3467, Time: 00:24:31

Health: -3/40      AC:  7    Str:  9    XL:     7   Next: 25%
Magic:  7/7        EV: 17    Int: 11    God:
Gold:   115        SH:  0    Dex: 18    Spells: 0 memorised, 6 levels left

rFire  . . .     SeeInvis .     a - +2 dagger
rCold  . . .     Clarity  .     c - +0 robe
rNeg   . . .     SustAt   .     (shield restricted)
rPois  .         Gourm    .     u - +2 helmet
rElec  .         Spirit   .     d - +0 cloak
rCorr  .         Warding  .     (no gloves)
rMut   .         Stasis   .     y - +0 pair of boots
MR     .....                    (no amulet)
Stlth  +++++.....               (no ring)
                                (no ring)

@: not resistant to hostile enchantments, quite stealthy
A: carnivore 3
a: no special abilities


You were on level 4 of the Dungeon.
You were very full.

You visited 1 branch of the dungeon, and saw 4 of its levels.

You collected 115 gold pieces.

Inventory:

Hand weapons
 a - a +2 dagger (weapon)
 b - a +0 blowgun
 f - a +2 vampiric dagger
 i - a +3 short sword
 m - a +4 quarterstaff of chaos
 q - a +0 rapier
 v - a +0 dagger of draining
 G - a +3 mace
Missiles
 s - a curare-tipped needle
 B - 3 poisoned needles (quivered)
Armour
 c - a +0 robe (worn)
 d - a +0 cloak (worn)
 u - a +2 helmet (worn)
 w - a +0 leather armour of cold resistance
 y - a +0 pair of boots (worn)
Magical devices
 e - a wand of digging (6)
 D - a wand of heal wounds (1)
Scrolls
 k - 2 scrolls of fear {unknown}
 n - 2 scrolls of teleportation {unknown}
 p - 2 scrolls of identify
 r - a scroll of amnesia {unknown}
 x - a scroll of random uselessness {unknown}
 E - a scroll of recharging {unknown}
 F - a scroll of remove curse {unknown}
Potions
 j - 3 potions of curing {unknown}
 l - 2 potions of magic {unknown}
 t - a potion of beneficial mutation {unknown}
 z - a potion of flight {unknown}
 A - 2 potions of might {unknown}
Comestibles
 g - 3 meat rations
 h - 5 chunks of flesh
 o - a royal jelly
 C - a slice of pizza


   Skills:
 - Level 2.1 Fighting
 + Level 4.9 Short Blades
 + Level 4.6 Throwing
 + Level 4.0 Dodging
 * Level 8.4 Stealth


You had 6 spell levels left.
You didn't know any spells.

Dungeon Overview and Level Annotations

Branches:
Dungeon (4/15)
 Temple: D:4-7

Altars:
Qazlal
Yredelemnul

Annotations:
D:4 nubinia's ghost, average DsNe


Innate Abilities, Weirdness & Mutations

You are small and have problems with some larger weapons.
You are carnivorous and can eat meat at any time.


Message History

You open the door.
There is an open door here.
Things that are here:
a dagger; a leather armour Nubinia's ghost screams, "What do you have that I didn't have?"
Nubinia's ghost casts a spell at you. Pain shoots through your body!
* * * LOW HITPOINT WARNING * * *
There is an open door, spattered with blood here.
You see here 3 poisoned needles.
B - 3 poisoned needles Nubinia's ghost casts a spell at you.
Pain shoots through your body!
* * * LOW HITPOINT WARNING * * *
Found a ring mail.
Nubinia's ghost points at you and mumbles some strange words.
You struggle to resist.
Nubinia's ghost gestures at you while chanting.
Pain shoots through your body!
You die...

#.##÷#.....#.#.# #...#....#
#.##.#.#<..#.#W# #...#....#
#.##.#...###.#.# #...#....#
#.##.#.....#W#.# #####....#
#.##.#...#.#.#.#######....##
#.##.#####.#.#..............
#.##.......#.###########.###
#.##########.# #.#
#..........@.# #.#
###.#######.## .# #.# ###.#
#.# #...## # #..
###.#..###########.###
##..≈.....................
........≈.....######.##.
...≈≈≈≈...≈≈......<#.##.
....≈≈≈≈≈≈≈≈...#####....


You could see nubinia's ghost.

Vanquished Creatures
  An ogre (D:3)
  A scorpion (D:4)
  A hound (D:4)
  Crazy Yiuf (D:2)
  An iguana (D:3)
  2 orc wizards (D:4)
  A worker ant (D:4)
  Robin (D:3)
  3 adders
  A worm (D:3)
  An adder skeleton (D:4)
  2 giant geckos
  12 orcs
  A ball python (D:2)
  4 giant cockroaches
  24 goblins
  9 hobgoblins
  6 jackals
  A quokka (D:2)
  8 bats
  2 giant newts (D:2)
  11 kobolds
  7 rats
101 creatures vanquished.

Notes
Turn   | Place    | Note
--------------------------------------------------------------
     0 | D:1      | konokrad666 the Kobold Assassin began the quest for the Orb.
     0 | D:1      | Reached XP level 1. HP: 12/12 MP: 1/1
   232 | D:1      | Reached XP level 2. HP: 17/17 MP: 2/2
   993 | D:2      | Reached XP level 3. HP: 21/21 MP: 3/3
  1244 | D:2      | Reached skill level 6 in Stealth
  1316 | D:2      | Found a basalt altar of Yredelemnul.
  1425 | D:2      | Reached XP level 4. HP: 22/26 MP: 4/4
  1491 | D:2      | Found a faded altar to an unknown god.
  1566 | D:2      | Noticed Crazy Yiuf
  1570 | D:2      | Killed Crazy Yiuf
  1751 | D:3      | Reached XP level 5. HP: 26/30 MP: 5/5
  1916 | D:3      | Noticed Robin
  1963 | D:3      | Killed Robin
  2254 | D:3      | Noticed an ogre
  2276 | D:3      | Reached skill level 7 in Stealth
  2335 | D:3      | Killed an ogre
  2335 | D:3      | Reached XP level 6. HP: 26/35 MP: 6/6
  2979 | D:4      | Found a stormy altar of Qazlal.
  3027 | D:4      | Reached skill level 8 in Stealth
  3058 | D:4      | Reached XP level 7. HP: 33/40 MP: 7/7
  3115 | D:3      | HP: 1/40 [iguana (5)]
  3361 | D:4      | Noticed nubinia's ghost (average DsNe)
  3467 | D:4      | Killed from afar by nubinia's ghost

Vault maps used:
D:1:      sevenhm_arrival_forest_fort_small_5
D:2:      nicolae_overflow_crystal_walls, ecumenical_altar_2,
          kennysheep_crisscross, uniq_crazy_yiuf_cottage
D:3:      first_bread, hangedman_decor_lopped, minmay_ogre_servants, uniq_robin
D:4:      grunt_temple_overflow_order_and_chaos_2,
          nicolae_qazlal_general_emergency, minmay_temple_entry_nine_rooms

Action                   |  1- 3 |  4- 6 |  7- 9 || total
-------------------------+-------+-------+-------++-------
Melee: Dagger            |    75 |   174 |    54 ||   303
 Fire: Blowgun           |    11 |    32 |     4 ||    47
Evoke: Wand              |       |       |     1 ||     1
  Use: Scroll            |       |       |     1 ||     1
 Stab: Sleeping          |     6 |    12 |     2 ||    20
       Distracted        |       |     1 |       ||     1
  Eat: Chunk             |    10 |     5 |       ||    15
